Map: Winter's Gate LE

Players

Djorn

  • Race: Protoss Protoss
  • League: Silver
  • Spawn Location: 5:00

POLLO - Winner!

  • Race: Protoss Protoss
  • League: Silver
  • Spawn Location: 11:00

VOD

Have the link to the VOD?

Description

Time

  • Played on: Aug. 26, 2019, 9:28 p.m.
  • Length: 12:55
Show
View Real Time Build Order
Export as new Build Order

Djorn Protoss 

Build Orders: Double Forge, Chargelot Immortal 

Get SALT Encoding   

  12  0:01  Probe  
  13  0:14  Probe  
  14  0:38  Pylon  
  14  0:43  Pylon, Probe  
  15  0:53  Probe  
  16  1:01  Probe  
  16  1:10  Probe  
  17  1:11  Gateway  
  18  1:20  Gateway  
  18  1:22  Probe  
  19  1:29  Assimilator  
  19  1:34  Assimilator  
  19  1:35  Probe  
  20  1:47  Probe  
  21  1:59  Probe  
  22  2:32  Cybernetics Core  
  22  2:34  Pylon  
  22  2:45  Gateway  
  22  2:46  Gateway  
  22  2:51  Probe  
  23  3:03  Probe  
  24  3:12  Warp Gate  
  24  3:15  Stalker x2  
  28  3:21  Forge  
  28  3:23  Forge  
  28  3:32  Pylon  
  28  3:49  Pylon  
  28  3:53  Protoss Ground Weapons Level 1  
  28  3:54  Adept  
  28  3:55  Adept x2  
  34  3:56  Protoss Ground Armor Level 1, Adept  
  36  4:40  Adept x2  
  36  4:42  Zealot x2  
  44  4:48  Twilight Council  
  44  4:54  Robotics Facility  
  44  5:09  Zealot x2  
  48  5:32  Stalker x2  
  52  5:57  Resonating Glaives  
  52  6:03  Zealot  
  54  6:11  Pylon  
  54  6:16  Protoss Ground Weapons Level 2  
  54  6:19  Pylon  
  40  7:07  Immortal  
  36  7:10  Zealot  
  36  7:11  Zealot x3  
  44  7:20  Charge  
  48  7:35  Protoss Ground Armor Level 2  
  48  7:38  Immortal  
  52  8:14  Immortal  
  56  8:28  Nexus  
  56  8:32  Pylon  
  56  8:46  Nexus  
  56  8:51  Zealot x4  
  64  9:22  Observer  
  65  9:36  Probe  
  65  9:42  Immortal  
  65  9:44  Probe  
  71  9:54  Probe  
  72  10:02  Probe  
  72  10:06  Probe  
  74  10:08  Probe  
  74  10:11  Probe  
  75  10:18  Probe  
  75  10:19  Probe  
  75  10:20  Probe  
  79  10:29  Probe  
  79  10:32  Probe  
  81  10:41  Templar Archives  
  81  10:46  Observer, Probe  
  83  10:58  Probe  
  83  11:02  Immortal  
  88  11:12  Probe  
  89  11:20  Assimilator  
  89  11:22  Assimilator  
  89  11:24  Probe  
  89  11:25  Probe  
  91  11:33  Probe  
  91  11:35  Assimilator  
  91  11:39  Assimilator  
  92  11:42  Probe  
  93  11:54  Probe  
  94  12:06  Probe  
  95  12:09  Zealot x4  
  95  12:18  Pylon  
  52  12:41  Zealot x2  
  52  12:42  Zealot x2  
Show
View Real Time Build Order
Export as new Build Order

POLLO Protoss - Winner!

Build Orders:  

Get SALT Encoding   

  1  0:00  Probe  
  13  0:07  Probe  
  14  0:20  Probe  
  14  0:22  Pylon  
  15  0:43  Gateway, Probe  
  15  0:47  Assimilator  
  16  0:55  Probe  
  17  1:08  Probe  
  18  1:16  Probe  
  18  1:24  Probe  
  19  1:26  Pylon  
  19  1:28  Assimilator  
  20  1:33  Gateway  
  20  1:34  Cybernetics Core  
  20  1:36  Probe  
  21  1:48  Probe  
  22  2:09  Gateway  
  22  2:14  Stalker  
  24  2:15  Warp Gate  
  24  2:16  Probe  
  25  2:25  Probe  
  25  2:27  Stalker  
  28  2:44  Robotics Facility  
  28  2:46  Pylon  
  28  2:48  Probe  
  29  3:00  Probe  
  30  3:12  Probe, Stalker x3  
  37  3:22  Probe  
  38  3:27  Twilight Council  
  38  3:34  Observer  
  39  3:53  Forge  
  39  4:10  Pylon  
  39  4:11  Pylon  
  39  4:19  Protoss Ground Weapons Level 1  
  39  4:25  Blink  
  39  4:32  Nexus  
  39  4:47  Probe  
  39  4:52  Immortal  
  44  4:59  Probe  
  44  5:34  Probe  
  44  5:41  Stalker  
  44  5:42  Probe, Stalker x2  
  52  5:51  Probe  
  52  5:56  Gateway  
  53  5:59  Gateway  
  53  6:00  Probe  
  53  6:01  Gateway  
  53  6:04  Forge, Probe  
  55  6:08  Probe, Charge  
  55  6:09  Stalker  
  57  6:16  Zealot  
  57  6:17  Zealot  
  62  6:31  Probe x2  
  58  6:43  Probe x2  
  54  6:55  Probe  
  53  7:09  Protoss Ground Weapons Level 2  
  53  7:10  Immortal  
  53  7:15  Assimilator  
  53  7:16  Assimilator, Stalker x3  
  53  7:17  Stalker x2  
  53  7:18  Stalker  
  53  7:19  Protoss Shields Level 1  
  69  7:38  Pylon  
  69  7:39  Probe  
  69  7:41  Pylon  
  69  7:42  Pylon  
  70  7:56  Probe  
  71  8:06  Observer  
  72  8:15  Stalker x2  
  72  8:16  Stalker x2  
  72  8:17  Stalker  
  82  8:23  Zealot  
  84  8:34  Gateway  
  84  8:36  Gateway  
  84  8:37  Probe  
  84  8:39  Gateway  
  85  8:49  Probe  
  86  8:57  Immortal  
  90  9:07  Probe x2  
  92  9:18  Nexus  
  92  9:19  Probe x2  
  94  9:33  Robotics Bay  
  94  9:35  Robotics Facility  
  94  9:38  Robotics Facility  
  94  9:50  Pylon  
  94  9:51  Protoss Ground Weapons Level 3  
  94  9:52  Pylon  
  94  9:54  Protoss Ground Armor Level 1, Pylon  
  94  9:58  Immortal, Probe  
  94  10:08  Probe  
  94  10:10  Probe, Extended Thermal Lance  
  100  10:28  Zealot x2  
  102  10:29  Zealot x2  
  102  10:32  Zealot  
  102  10:35  Zealot x2  
  114  10:36  Zealot  
  114  10:37  Observer, Zealot  
  114  10:40  Colossus  
  125  10:57  Forge  
  125  11:23  Colossus  
  131  11:37  Pylon  
  131  11:39  Pylon  
  131  11:40  Pylon  
  131  11:42  Pylon  
  131  11:45  Pylon  
  131  11:54  Colossus  
  131  12:01  Zealot x2  
  139  12:02  Zealot x4  
Tags
 
Matchup
PvP
Replay Pack
sc2replays
Spawn Locations
Cross Positions
Add a new tag
Caveats
  • Supply blocks, unpowered buildings, or Contaminate may cause inaccurate times.
  • Supply counts are checked every 10 seconds.